 Dungeon Crawl Stone Soup version 0.21.1-1-g345015f (webtiles) character file.

245 LewisDoom the Ruffian (level 5, -1/50 HPs)
             Began as a Troll Berserker on June 3, 2018.
             Was a Believer of Trog.
             Slain by a hobgoblin
             ... wielding a +0 club
             ... led by Robin
              (9 damage)
             ... on level 3 of the Dungeon.
             The game lasted 00:13:16 (1724 turns).

LewisDoom the Ruffian (Troll Berserker)             Turns: 1724, Time: 00:13:16

Health: -1/50      AC:  5    Str: 26    XL:     5   Next: 84%
Magic:  4/4        EV: 11    Int:  3    God:    Trog [**....]
Gold:   48         SH:  0    Dex:  9    Spells: 4/4 levels left

rFire    . . .     SeeInvis .     - Unarmed
rCold    . . .     Gourm    +   (no shield)
rNeg     . . .     Faith    .   a - +0 animal skin
rPois    .         Spirit   .   (helmet restricted)
rElec    .         Reflect  .   (no cloak)
rCorr    .         Harm     .   (gloves unavailable)
MR       .....                  (boots unavailable)
Stlth    +.........             (no amulet)
HPRegen  0.56/turn              (no ring)
MPRegen  0.09/turn              (no ring)

@: berserk cooldown, slowed, very slow
A: large, unfitting armour, claws 3, fast metabolism 3, gourmand, regeneration
1, shaggy fur 1, tough skin 2
a: Berserk, Trog's Hand, Burn Spellbooks, Renounce Religion


You were on level 3 of the Dungeon.
You worshipped Trog.
Trog was pleased with you.
You were very full.

You visited 1 branch of the dungeon, and saw 3 of its levels.

You collected 48 gold pieces.

Inventory:

Hand Weapons
 g - a +0 scythe
Missiles
 c - 11 poisoned needles
 d - 103 stones (quivered)
Armour
 a - a +0 animal skin (worn)
Scrolls
 j - a scroll of immolation {unknown}
Potions
 h - a potion of lignification
Comestibles
 b - 4 rations


   Skills:
 - Level 2.4 Fighting
 + Level 3.6 Dodging
 * Level 5.7 Unarmed Combat


You had 4 spell levels left.
You didn't know any spells.

Dungeon Overview and Level Annotations

Branches:
Dungeon (3/15)

Altars:
Hepliaklqana

Annotations:
D:3 Robin


Innate Abilities, Weirdness & Mutations

You are too large for most types of armour.
You have claws for hands.
Your metabolism is lightning-fast.
You like to eat raw meat.
Your natural rate of healing is unusually fast.
You are covered in fur. (AC +1)
You have very tough skin. (AC +2)


Message History

Robin closely misses you. The hobgoblin barely misses you.
You scratch the goblin.
The goblin is moderately wounded.
The goblin hits you but does no damage. Robin closely misses you.
The hobgoblin misses you. The goblin barely misses you. The worm bites you!
* * * LOW HITPOINT WARNING * * *
As you read the scroll labeled BOK MOCUTITEO, it crumbles to dust.
It is a scroll of amnesia.
You feel forgetful for a moment.
The goblin no longer looks unusually strong.
Robin hits you but does no damage. The goblin hits you with a dagger.
* * * LOW HITPOINT WARNING * * *
The hobgoblin barely misses you. Robin hits you from afar with a spear.
* * * LOW HITPOINT WARNING * * *
As you read the scroll labeled FACESCH TEFEDGHU, it crumbles to dust.
Your claws glow shimmering purple for a moment.
It was a scroll of random uselessness.
The hobgoblin no longer looks unusually strong.
The goblin hits you but does no damage. The hobgoblin hits you with a club!
You die... #........ #. #........ #.# #........ .. #........ ##..#........ ...#rg...... #. ggb

#..#g#
#.#@#
....#
#.wg#
....#
##..#####
....#
#.......#
.<..#
#.#..##.#
....#
#.#...#.#
....#
#.#...#.#
....###
#.#...#.#
....'.#
#.#...#.#


You could see a worm, Robin, a quokka, 2 hobgoblins, 2 goblins and a bat.

Vanquished Creatures
  Sigmund (D:2)
  The ghost of Iko the Gusty, a weakling OgAE (D:3)
  3 adders (D:2)
  2 oozes (D:2)
  A worm (D:2)
  2 leopard geckos
  5 bats
  2 giant cockroaches
  10 goblins
  9 hobgoblins
  6 kobolds (D:1)
  A ball python (D:1)
  5 frilled lizards
  3 rats
51 creatures vanquished.

Notes
Turn   | Place    | Note
-------+----------+-------------------------------------------
     0 | D:1      | LewisDoom the Troll Berserker began the quest for the Orb.
     0 | D:1      | Reached XP level 1. HP: 22/22 MP: 0/0
    46 | D:1      | Reached XP level 2. HP: 29/29 MP: 1/1
   962 | D:2      | Reached skill level 4 in Unarmed Combat
   962 | D:2      | Reached XP level 3. HP: 36/36 MP: 2/2
  1091 | D:2      | Found a hazy altar of Hepliaklqana.
  1197 | D:2      | Noticed Sigmund
  1219 | D:2      | Killed Sigmund
  1219 | D:2      | Reached skill level 5 in Unarmed Combat
  1219 | D:2      | Reached XP level 4. HP: 44/44 MP: 3/3
  1219 | D:2      | Reached XP level 5. HP: 50/50 MP: 4/4
  1630 | D:3      | Reached ** piety under Trog
  1689 | D:3      | Noticed Robin
  1695 | D:3      | Noticed Iko's ghost (weakling OgAE)
  1703 | D:3      | Killed Iko's ghost
  1724 | D:3      | Slain by a hobgoblin

Skill      XL: |  1  2  3 |
---------------+----------+-----
Unarmed Combat | 4 5 |  5.7
Dodging        | 3 |  3.6
Fighting       | |  2.4

Action                   |  1- 3 |  4- 6 || total
-------------------------+-------+-------++-------
Melee: Unarmed           |   100 |    42 ||   142
       Punch             |     1 |       ||     1
Invok: Berserk           |     2 |     1 ||     3
       Trog's Hand       |       |     1 ||     1
  Use: Potion            |     4 |       ||     4
       Scroll            |       |     2 ||     2
  Eat: Chunk             |    10 |     9 ||    19
       Ration            |       |     1 ||     1
Armor: Animal skin       |    45 |    24 ||    69
       Skin              |     4 |       ||     4
Dodge: Dodged            |    45 |    45 ||    90
